 Dungeon Crawl Stone Soup version 0.17-a0-1446-gc28613e (webtiles) character file.

144 urechis the Insei (level 5, -2/41 HPs)
             Began as a Vampire Monk on June 28, 2015.
             Slain by an orc priest
             ... wielding a +0 flail
              (9 damage)
             ... on level 4 of the Dungeon.
             The game lasted 00:05:32 (2159 turns).

urechis the Insei (Vampire Monk)                    Turns: 2159, Time: 00:05:32

Health: -2/41      AC:  7    Str: 10    XL:     5   Next: 5%
Magic:  14/14      EV: 14    Int: 12    God:
Gold:   96         SH:  0    Dex: 18    Spells: 0 memorised, 4 levels left

rFire  + . .     SeeInvis +       - Unarmed
rCold  . . .     Clarity  .     p - +0 leather armour
rNeg   + + .     SustAt   .     (no shield)
rPois  +         Gourm    .     e - +0 helmet
rElec  .         Spirit   .     (no cloak)
rCorr  .         Warding  .     d - +2 pair of gloves
rMut   .         Stasis   .     (no boots)
MR     .....                    (no amulet)
Stlth  +++.......               o - ring of fire
                                i - ring of magical power

@: regenerating slowly, not resistant to hostile enchantments, fairly stealthy
A: fangs 3, see invisible, unbreathing
a: Bat Form


You were on level 4 of the Dungeon.
You were very thirsty.

You visited 1 branch of the dungeon, and saw 4 of its levels.

You collected 96 gold pieces.

Inventory:

Armour
 d - a +2 pair of gloves (worn)
 e - a +0 helmet (worn)
 p - a +0 leather armour (worn)
Jewellery
 i - a ring of magical power (left hand)
 o - a ring of fire (right hand)
Magical devices
 m - a wand of flame (25)
Scrolls
 c - 3 scrolls of remove curse {unknown}
 f - a scroll of magic mapping {unknown}
 g - 3 scrolls of immolation {unknown}
 j - a scroll of random uselessness {unknown}
 k - 2 scrolls of identify {unknown}
 l - a scroll of recharging {unknown}
Potions
 b - 22 potions of blood
 h - 2 potions of degeneration {unknown}
 n - a potion of flight {unknown}


   Skills:
 + Level 3.3 Fighting
 + Level 4.4 Dodging
 + Level 4.4 Stealth
 + Level 5.2 Unarmed Combat


You had 4 spell levels left.
You didn't know any spells.

Dungeon Overview and Level Annotations

Branches:
Dungeon (4/15)
 Temple: D:4-7

Altars:
Cheibriados
Elyvilon
Okawaru


Innate Abilities, Weirdness & Mutations

You heal slowly.
You have razor-sharp teeth.
You have supernaturally acute eyesight.
You can survive without breathing.


Message History

There is a large open door here.
There is a large open door here.
A goblin comes into view. 4 orc priests come into view.
The orc priest shouts! x2
The orc priest picks up a dented pearl amulet.
The orc priest puts on a dented pearl amulet.
Found a fizzy cyan potion.
An orc wizard comes into view. It is wielding a dagger.
The orc priest calls down the wrath of Beogh upon you.
Something smites you!
A giant frog skeleton comes into view.
The orc priest invokes the aid of Beogh against you.
Something smites you!
Found 9 gold pieces.
The orc priest hits you with a hand axe.
The orc priest hits you with a dagger.
* * * LOW HITPOINT WARNING * * *
The orc priest hits you with a flail!
You die...

#.o.......
#.........#
######.........##
...Z..............
...............g.#
....o.o..........#
......oo.........
......o@.......####
.......!......(....
.....$###..........
...... #..........
..... #..........
....# #..........
.... #..........
... ##'########
###'########


You could see 4 orc priests, an orc wizard, an orc (wandering) and a giant frog
skeleton.

Vanquished Creatures
  2 adders (D:2)
  3 gnolls (D:3)
  An ooze (D:2)
  6 worms
  A giant gecko (D:3)
  5 orcs
  5 ball pythons
  7 hobgoblins
  8 jackals
  6 kobolds
  A quokka (D:2)
  8 bats
  2 giant cockroaches
  5 giant newts
  3 goblins
  7 rats
70 creatures vanquished.

Notes
Turn   | Place    | Note
--------------------------------------------------------------
     0 | D:1      | urechis the Vampire Monk began the quest for the Orb.
     0 | D:1      | Reached XP level 1. HP: 17/17 MP: 1/1
    79 | D:1      | Reached XP level 2. HP: 23/23 MP: 2/2
   534 | D:2      | Found a faded altar to an unknown god.
   538 | D:2      | Reached skill level 5 in Unarmed Combat
   809 | D:2      | Reached XP level 3. HP: 27/29 MP: 3/3
  1017 | D:2      | Found a snail-covered altar of Cheibriados.
  1142 | D:2      | Reached XP level 4. HP: 27/35 MP: 4/4
  1412 | D:3      | Found a white marble altar of Elyvilon.
  1720 | D:3      | Found an iron altar of Okawaru.
  2099 | D:4      | Reached XP level 5. HP: 39/41 MP: 5/5
  2159 | D:4      | Slain by an orc priest

Vault maps used:
D:1:      erik_arrival_blinker_ship
D:2:      nicolae_overflow_crystal_walls, ecumenical_altar_2, minmay_distorted
D:3:      elyvilon_altar_4, first_bread, okawaru_ov_weapons_minmay

Action                   |  1- 3 |  4- 6 || total
-------------------------+-------+-------++-------
Melee: Unarmed           |   125 |   136 ||   261
 Stab: Sleeping          |     4 |    11 ||    15
       Distracted        |     2 |       ||     2
